 Dungeon Crawl Stone Soup version 0.25-a0-474-ga8a2ee3166 (webtiles) character file.

Game seed: 18381551258168334483, levelgen mode: deterministic

4 ReteAZ the Vexing (level 1, 0/17 HPs)
             Began as a Gnoll Arcane Marksman on Feb 8, 2020.
             Slain by a hobgoblin
             ... wielding a +0 club
              (6 damage)
             ... on level 1 of the Dungeon.
             The game lasted 00:00:26 (48 turns).

ReteAZ the Vexing (Gnoll Arcane Marksman)             Turns: 48, Time: 00:00:27

Health: 0/17       AC:  2    Str: 12    XL:     1   Next: 70%
Magic:  4/4        EV: 14    Int: 15    God:
Gold:   11         SH:  0    Dex: 15    Spells: 4/5 levels left

rFire    . . .     SeeInvis .   b - +0 club
rCold    . . .     Gourm    .   (no shield)
rNeg     . . .     Faith    .   a - +0 robe
rPois    .         Spirit   .   (no helmet)
rElec    .         Reflect  .   (no cloak)
rCorr    .         Harm     .   (no gloves)
MR       .....                  (no boots)
Stlth    +.........             (no amulet)
HPRegen  0.05/turn              (no ring)
MPRegen  0.09/turn              (no ring)

@: no status effects
A: distributed training, fangs 1, strong nose
a: no special abilities


You were on level 1 of the Dungeon.
You were not hungry.

You visited 1 branch of the dungeon, and saw 1 of its levels.

You collected 11 gold pieces.

Inventory:

Hand Weapons
 b - a +0 club (weapon)
Missiles
 d - 2 throwing nets (quivered)
Armour
 a - a +0 robe (worn)
Comestibles
 f - a ration
 g - 3 chunks of flesh


   Skills:
 + Level 2.4 Fighting
 + Level 0.1 Short Blades
 + Level 0.1 Long Blades
 + Level 0.1 Axes
 + Level 0.1 Maces & Flails
 + Level 0.1 Polearms
 + Level 0.1 Staves
 + Level 0.1 Slings
 + Level 0.1 Bows
 + Level 0.1 Crossbows
 + Level 4.4 Throwing
 + Level 0.1 Armour
 + Level 4.4 Dodging
 + Level 0.1 Stealth
 + Level 0.1 Shields
 + Level 0.1 Unarmed Combat
 + Level 2.6 Spellcasting
 + Level 0.1 Conjurations
 + Level 5.3 Hexes
 + Level 0.1 Charms
 + Level 0.1 Summonings
 + Level 0.1 Necromancy
 + Level 0.1 Translocations
 + Level 0.1 Transmutations
 + Level 0.1 Fire Magic
 + Level 0.1 Ice Magic
 + Level 0.1 Air Magic
 + Level 0.1 Earth Magic
 + Level 0.1 Poison Magic
 + Level 0.2 Invocations
 + Level 0.1 Evocations


You had 4 spell levels left.
You knew the following spells:

 Your Spells              Type           Power        Failure   Level  Hunger
a - Corona                Hex            ###....      2%          1    #......

Your spell library contained the following spells:

 Spells                   Type           Power        Failure   Level  Hunger
 Slow                     Hex            ###.....     3%          2    ###....
 Inner Flame              Hex/Fire       ##......     21%         3    ###....
 Portal Projectile        Hex/Tloc       ##....       21%         3    ###....
 Cause Fear               Hex            ###.......   22%         4    #####..
 Leda's Liquefaction      Hex/Erth       ##........   56%         4    #####..


Dungeon Overview and Level Annotations

Branches:
Dungeon (1/15)

Altars:


Innate Abilities, Weirdness & Mutations

Your experience applies equally to all skills.
You have very sharp teeth.
Your uncanny sense of smell can sniff out nearby items.


Message History

Press: ? - help, Shift-Dir - straight line, f/p - hobgoblin
Aim: a hobgoblin, wielding a +0 club You throw a javelin.
The javelin pierces through the hobgoblin.
The hobgoblin is heavily wounded.
The hobgoblin hits you with a +0 club.
You completely miss the hobgoblin.
The hobgoblin is heavily wounded.
The hobgoblin closely misses you.
You closely miss the hobgoblin.
The hobgoblin is heavily wounded.
The hobgoblin hits you with a +0 club.
Throwing (i - inventory. (/) - cycle)
c - a javelin (quivered)
Press: ? - help, Shift-Dir - straight line, f/p - hobgoblin
Aim: a hobgoblin, wielding a +0 club (heavily wounded)
You throw a javelin.
The javelin pierces through the hobgoblin but does no damage.
The hobgoblin is heavily wounded.
The hobgoblin hits you with a +0 club.
You die...

#.# ###.###### ...
#.####### ##.
#(.......
#######.#######
......=....#
........##.#
.###.##.# # #.##.#
#@##.##.###.
#(g)........
.>........(##.###.
###.......(...#
#####..###### ####


You could see a hobgoblin.

Vanquished Creatures
  A giant cockroach (D:1)
  2 hobgoblins (D:1)
  A rat (D:1)
4 creatures vanquished.

Notes
Turn   | Place    | Note
-------+----------+-------------------------------------------
     0 | D:1      | ReteAZ the Gnoll Arcane Marksman began the quest for the
                  | Orb.
     0 | D:1      | Reached XP level 1. HP: 17/17 MP: 4/4
    48 | D:1      | Slain by a hobgoblin

Levels and vault maps discovered:
D:1:      ncdulo_lavacross, layout_loops_ring, fountainhead

Action                   || total
-------------------------++-------
Melee: Club              ||     6
       Unarmed           ||     1
       Bite              ||     1
Throw: Javelin           ||     7
 Stab: Sleeping          ||     1
Armor: Robe              ||     1
Dodge: Dodged            ||     4

Table legend:
 A = Non-vault XP
 B = Vault XP
 C = Vault XP percentage of total XP
 D = Non-vault monster count
 E = Vault monster count
 F = Vault count percentage of total count
                 A         B        C        D         E       F
            +---------+---------+-------+---------+---------+-------
      Total |       7 |       0 |   0.0 |       4 |       0 |   0.0
            +---------+---------+-------+---------+---------+-------
        D:1 |       7 |       0 |   0.0 |       4 |       0 |   0.0
            +---------+---------+-------+---------+---------+-------
